 Dungeon Crawl Stone Soup version 0.23-a0-635-g88ca12a (webtiles) character file.

56 zishaf the Gusty (level 3, -4/26 HPs)
             Began as a Demigod Air Elementalist on Dec 27, 2018.
             Slain by a worm (7 damage)
             ... on level 1 of the Dungeon.
             The game lasted 00:02:42 (1355 turns).

zishaf the Gusty (Demigod Air Elementalist)         Turns: 1355, Time: 00:02:43

Health: -4/26      AC:  2    Str: 11    XL:     3   Next: 48%
Magic:  1/8        EV: 13    Int: 21    God:
Gold:   29         SH:  0    Dex: 16    Spells: 4/5 levels left

rFire    . . .     SeeInvis .   f - +0 hand axe
rCold    . . .     Gourm    .   (no shield)
rNeg     . . .     Faith    .   a - +0 robe
rPois    .         Spirit   .   (no helmet)
rElec    .         Reflect  .   (no cloak)
rCorr    .         Harm     .   (no gloves)
MR       .....                  (no boots)
Stlth    ++........             (no amulet)
HPRegen  0.08/turn              (no ring)
MPRegen  0.11/turn              (no ring)

@: very slightly contaminated
A: high mp 1
a: no special abilities


You were on level 1 of the Dungeon.
You were not hungry.

You visited 1 branch of the dungeon, and saw 2 of its levels.

You collected 29 gold pieces.

Inventory:

Hand Weapons
 f - a +0 hand axe (weapon)
Armour
 a - a +0 robe (worn)
 m - a +0 large shield
Jewellery
 h - an uncursed ring of resist corrosion {unknown}
 l - an uncursed ring of fire {unknown}
Scrolls
 b - a scroll of fog {unknown}
 d - a scroll of blinking {unknown}
 g - a scroll of enchant armour {unknown}
 i - 4 scrolls of remove curse {unknown}
 j - a scroll of random uselessness {unknown}
 k - a scroll of teleportation {unknown}
 n - a scroll of identify {unknown}
Potions
 e - a potion of heal wounds {unknown}
Comestibles
 c - 3 rations


   Skills:
 + Level 2.3 Dodging
 - Level 2.0 Stealth
 + Level 1.0 Shields
 - Level 1.7 Spellcasting
 + Level 1.8 Conjurations
 + Level 3.1 Air Magic


You had 4 spell levels left.
You knew the following spells:

 Your Spells              Type           Power        Failure   Level  Hunger
a - Shock                 Conj/Air       ##..         5%          1    #......

Your spell library contained the following spells:

 Spells                   Type           Power        Failure   Level  Hunger
 Swiftness                Chrm/Air       #.......     12%         2    ###....
 Static Discharge         Conj/Air       ##......     16%         3    ###....
 Airstrike                Air            ###.......   38%         4    #####..
 Lightning Bolt           Conj/Air       ##........   83%         5    ######.


Dungeon Overview and Level Annotations

Branches:
Dungeon (2/15)


Innate Abilities, Weirdness & Mutations

You have an increased reservoir of magic. (+10% MP)


Message History

You barely miss the worm.
The worm is moderately wounded.
The worm completely misses you.
You barely miss the worm.
The worm is lightly wounded.
The worm closely misses you.
You barely miss the worm.
The worm is lightly wounded.
You completely miss the worm.
The worm is lightly wounded.
The worm bites you.
* * * LOW HITPOINT WARNING * * *
You hit the worm.
The worm is moderately wounded.
The worm bites you.
* * * LOW HITPOINT WARNING * * *
You hit the worm.
The worm is heavily wounded.
The worm bites you!
You die...

............###...# #
.....##.###.###...# #
.###..............#
#############
..................#
#............
.######.###.###..##
#.####.#####. ## #.# #.#
#.[####............
#######.###.#
#........###.#####.
............# ##.####.##
#.# #. #.###########
#@.###.####.# #.
#........# #w..........#
#. ########.#
#...##.###### #. # #.#
#...##.# #. #
#.#######...##.## #. #
#.##...##.......#########.
#
#.#........###............
########........#.#
##.######.###
..................# #.#
#.#


You could see a worm.

Vanquished Creatures
  An orc priest (D:2)
  An ooze (D:1)
  A dart slug (D:1)
  2 orcs (D:1)
  A bat (D:1)
  A hobgoblin (D:1)
  3 kobolds (D:1)
  A ball python (D:1)
  3 frilled lizards
  8 rats
22 creatures vanquished.

Notes
Turn   | Place    | Note
-------+----------+-------------------------------------------
     0 | D:1      | zishaf the Demigod Air Elementalist began the quest for the
                  | Orb.
     0 | D:1      | Reached XP level 1. HP: 14/14 MP: 5/5
    14 | D:1      | Reached skill level 1 in Conjurations
   637 | D:1      | Reached XP level 2. HP: 20/20 MP: 4/7
  1068 | D:1      | Reached skill level 3 in Air Magic
  1294 | D:2      | Reached skill level 1 in Shields
  1294 | D:2      | Reached XP level 3. HP: 17/26 MP: 2/8
  1355 | D:1      | Slain by a worm

Vault maps used:
D:1:      dpeg_arrival_ratfight, minmay_close_crescents
D:2:      first_ration

Skill      XL: |  1  2 |
---------------+-------+-----
Conjurations   | 1 |  1.8
Stealth        | 2 |  2.0
Dodging        | 2 |  2.3
Air Magic      | 3 |  3.1
Shields        | 1 |  1.0
Spellcasting   | |  1.7

Action                   || total
-------------------------++-------
Melee: Unarmed           ||    13
       Hand axe          ||     7
 Cast: Shock             ||    54
 Stab: Sleeping          ||     2
  Eat: Chunk             ||     2
Armor: Robe              ||     3
Dodge: Dodged            ||    36

Table legend:
 A = Non-vault XP
 B = Vault XP
 C = Vault XP percentage of total XP
 D = Non-vault monster count
 E = Vault monster count
 F = Vault count percentage of total count
                 A         B        C        D         E       F
            +---------+---------+-------+---------+---------+-------
      Total |      75 |       6 |   7.4 |      16 |       6 |  27.3
            +---------+---------+-------+---------+---------+-------
        D:1 |      30 |       6 |  16.7 |      13 |       6 |  31.6
        D:2 |      45 |       0 |   0.0 |       3 |       0 |   0.0
            +---------+---------+-------+---------+---------+-------
